 Dungeon Crawl Stone Soup version 0.25-a0-285-gcba6f664f8 (webtiles) character file.

Game seed: 16244815707611667341, levelgen mode: deterministic

16186 floatRand the Blocker (level 12, -20/86 HPs)
             Began as a Formicid Fighter on Dec 11, 2019.
             Was a Believer of Uskayaw.
             Demolished by a komodo dragon (27 damage)
             ... on level 1 of the Lair of Beasts.
             The game lasted 00:16:55 (14485 turns).

floatRand the Blocker (Formicid Fighter)           Turns: 14485, Time: 00:16:55

Health: -20/86     AC: 10    Str: 22    XL:     12   Next: 67%
Magic:  15/15      EV: 19    Int:  8    God:    Uskayaw [**....]
Gold:   855        SH: 16    Dex: 17    Spells: 11/11 levels left

rFire    + . .     SeeInvis +   t - +1 hand axe (venom)
rCold    . . .     Gourm    .   c - +0 shield
rNeg     . . .     Faith    .   o - +2 leather armour {MR+}
rPois    .         Spirit   .   (helmet unavailable)
rElec    .         Reflect  +   s - +2 cloak {MR+}
rCorr    .         Harm     .   (no gloves)
MR       +++..                  J - +0 pair of boots
Stlth    +.........             z - amulet of Mistrust {Reflect SH+3 SInv}
HPRegen  0.24/turn              m - ring of protection from fire
MPRegen  0.14/turn              k - +3 ring of dexterity

@: no status effects
A: permanent stasis, dig shafts and tunnels, four strong arms, antennae 3
a: Dig, Shaft Self, Stomp, Line Pass, Renounce Religion


You were on level 1 of the Lair of Beasts.
You worshipped Uskayaw.
Uskayaw was noncommittal.
You were hungry.

You visited 3 branches of the dungeon, and saw 14 of its levels.
You also visited: Sewer.

You collected 855 gold pieces.

Inventory:

Hand Weapons
 a - a +0 war axe
 t - a +1 hand axe of venom (weapon)
 y - the +4 falchion of floatRand's Anguish {flame, rPois rF- rC+ rN+}
   (You found it on level 6 of the Dungeon)

   It has been specially enchanted to burn those struck by it, causing extra
   injury to most foes and up to half again as much damage against particularly
   susceptible opponents.
   Big, fiery blades are also staple armaments of hydra-hunters.
   It makes you vulnerable to fire.
   It protects you from cold.
   It protects you from poison.
   It protects you from negative energy.
 E - the +8 fustibalus "Geclizi" {velocity, rC++ Int-4, unknown}
   (You acquired it on level 8 of the Dungeon)

   Any stone fired from it inflicts extra damage.
   It affects your intelligence (-4).
   It greatly protects you from cold.
Missiles
 G - 7 curare-tipped darts (quivered)
 O - a throwing net
Armour
 c - a +0 shield (worn)
 o - a +2 leather armour of magic resistance (worn)
 s - a +2 cloak of magic resistance (worn)
 J - a +0 pair of boots (worn)
Jewellery
 k - a +3 ring of dexterity (right hand)
 m - a ring of protection from fire (left hand)
 z - the amulet of Mistrust (around neck) {Reflect SH+3 SInv}
   (You found it on level 4 of the Dungeon)

   [amulet of reflection]

   It shields you and reflects attacks.
   It lets you see invisible.
   It affects your SH (+3).
 C - the cursed necklace of Bloodlust {*Rage +Rage MR++ Int-3 Slay+6 *Curse}
   (You found it on level 7 of the Dungeon)

   [amulet of rage]

   It affects your intelligence (-3).
   It affects your accuracy and damage with ranged weapons and melee attacks
   (+6).
   It affects your resistance to hostile enchantments.
   It lets you go berserk.
   It may make you go berserk in combat.
   It curses itself when equipped.
   It has a curse placed upon it.
 H - a cursed ring of teleportation {unknown}
Wands
 v - a wand of random effects (12)
 D - a wand of flame (13)
 K - a wand of scattershot (3)
Scrolls
 b - 2 scrolls of amnesia
 g - 2 scrolls of fog
 l - 2 scrolls of identify
 p - 7 scrolls of remove curse
 B - 3 scrolls of enchant weapon
 I - 2 scrolls of magic mapping
Potions
 d - 4 potions of might
 e - 4 potions of degeneration
 h - 4 potions of haste
 i - 4 potions of flight
 j - 2 potions of heal wounds
 n - a potion of invisibility
 q - a potion of cancellation
 r - 4 potions of lignification
 u - 3 potions of mutation
 w - a potion of resistance
 x - a potion of brilliance
 A - a potion of magic
 F - 4 potions of curing
 L - a potion of ambrosia
Comestibles
 f - 30 rations


   Skills:
 - Level 5.5 Fighting
 + Level 11.5 Axes
 - Level 5.5 Armour
 + Level 9.9 Dodging
 - Level 12.0 Shields
 * Level 5.1 Invocations


You had 11 spell levels left.
You didn't know any spells.
Your spell library contained the following spells:

 Spells                   Type           Power        Failure   Level  Hunger
 Animate Skeleton         Necr           N/A          45%         1    ##.....
 Apportation              Tloc           #.....       45%         1    ##.....
 Confusing Touch          Hex            #.....       45%         1    ##.....
 Summon Small Mammal      Summ           #...         45%         1    ##.....


Dungeon Overview and Level Annotations

Branches:
Dungeon (12/15)            Temple (1/1) D:5            Lair (1/6) D:10
    Orc (0/2) D:9           Sewer (visited)

Altars:
Ashenzari
Cheibriados
Dithmenos
Elyvilon
Fedhas
Gozag
Hepliaklqana
Kikubaaqudgha
Makhleb
Nemelex Xobeh
Okawaru
Qazlal
Ru
Sif Muna
Trog
Uskayaw
Vehumet
Wu Jian
Xom
Yredelemnul
Zin
The Shining One

Shops:
D:7 (


Innate Abilities, Weirdness & Mutations

You cannot be hasted, slowed, berserked, paralysed or teleported.
You can dig through walls and to a lower floor.
Your four strong arms can wield two-handed weapons with a shield.
You have a pair of large antennae on your head. (SInv)


Message History

The porcupine looks as sick as possible!
You block the komodo dragon's attack. The porcupine barely misses you.
You slash the komodo dragon!
The komodo dragon looks as sick as possible!
The komodo dragon is almost dead.
You hit the porcupine but do no damage.
The porcupine looks as sick as possible!
You block the porcupine's attack. The komodo dragon bites you!!
* * * LOW HITPOINT WARNING * * *
You barely miss the komodo dragon.
The komodo dragon is almost dead.
You barely miss the porcupine.
The porcupine bites you but does no damage.
Unknown command.
Unknown command.
You hit the komodo dragon but do no damage.
The komodo dragon looks as sick as possible!
The komodo dragon is almost dead.
You closely miss the porcupine. The komodo dragon bites you!!
You die...

.....
##...##........
#....##........
#...##........
.####...##........
........##........
.......<.#.!......
##.......#rl......
###......@>......
#..............
#P..............
.................
.........#........
........#.....P#..
##P.... .....## .
##.... .....#


You could see a komodo dragon and a porcupine.

Vanquished Creatures
  2 hydras
  2 two-headed ogres
  Sonja (D:10)
  Pikel (D:6)
  Joseph (D:7)
  A centaur zombie (D:11)
  Psyche (D:12)
  2 centaur skeletons
  A hornet (D:11)
  5 slime creatures (D:11)
  A hippogriff (D:9)
  6 yaks
  2 shadows
  A wraith (D:10)
  A human (D:10)
  2 hogs (D:10)
  A hungry ghost (D:11)
  A steam dragon (D:10)
  Grum (D:8)
  A vampire mosquito (D:10)
  A water moccasin (D:10)
  4 porcupines (D:10)
  5 ice beasts
  3 sky beasts
  4 black bears
  7 orc warriors
  A phantom (D:9)
  4 slaves (D:6)
  2 wolves (D:8)
  4 ogres
  8 centaurs
  A crocodile (D:4)
  2 big kobolds (D:10)
  6 bullfrogs
  3 scorpions
  A wyvern skeleton (D:11)
  5 killer bees (D:9)
  5 wights (D:9)
  5 howler monkeys
  6 crimson imps
  A bullfrog zombie (D:8)
  3 jellies
  A quasit (D:5)
  7 hounds
  11 orc wizards
  10 orc priests
  Jessica (D:2)
  2 iguanas
  Terence (D:3)
  2 merfolk sirens (Sewer)
  15 worker ants
  A merfolk avatar (Sewer)
  A hound skeleton (D:9)
  26 adders
  A howler monkey skeleton (D:10)
  3 river rats
  2 shadow imps
  3 oozes
  An adder skeleton (D:4)
  4 worms
  9 leopard geckos
  38 orcs
  10 giant cockroaches
  10 goblins
  10 hobgoblins
  9 jackals
  4 quokkas
  6 ball pythons
  7 bats
  5 frilled lizards
  18 kobolds
  2 leopard gecko skeletons
  A quokka skeleton (D:4)
  32 rats
368 creatures vanquished.

Vanquished Creatures (others)
  A cyclops (D:11)
  3 centaurs
  47 fungi (D:10)
  25 plants (D:10)
76 creatures vanquished.

Grand Total: 444 creatures vanquished

Notes
Turn   | Place    | Note
-------+----------+-------------------------------------------
     0 | D:1      | floatRand the Formicid Fighter began the quest for the Orb.
     0 | D:1      | Reached XP level 1. HP: 18/18 MP: 1/1
   256 | D:1      | Reached XP level 2. HP: 24/24 MP: 2/2
   399 | D:1      | Reached skill level 4 in Shields
   404 | D:1      | Reached XP level 3. HP: 24/29 MP: 3/3
   865 | D:2      | Reached XP level 4. HP: 36/37 MP: 4/4
  1215 | D:2      | Noticed Jessica
  1217 | D:2      | Killed Jessica
  1217 | D:2      | Reached XP level 5. HP: 42/42 MP: 5/5
  1803 | D:3      | Found a glowing drain.
  1903 | Sewer    | Entered a sewer
  2055 | Sewer    | Reached XP level 6. HP: 49/49 MP: 6/6
  2420 | Sewer    | Reached skill level 5 in Shields
  2542 | Sewer    | HP: 2/49 [drowned by a drowned soul[a malarious merfolk
                  | avatar] (2)]
  2549 | Sewer    | HP: 1/49 [poisoned by an adder]
  3388 | D:3      | Noticed Terence
  3400 | D:3      | Killed Terence
  3400 | D:3      | Reached XP level 7. HP: 47/55 MP: 7/7
  3502 | D:3      | Reached skill level 5 in Armour
  3788 | D:4      | Reached skill level 5 in Fighting
  4118 | D:4      | Got a brightly glowing steel amulet
  4132 | D:4      | Identified the amulet of Mistrust {Reflect SH+3 SInv} (You
                  | found it on level 4 of the Dungeon)
  4156 | D:4      | Found a stormy altar of Qazlal.
  4824 | D:4      | Reached skill level 6 in Shields
  5175 | D:5      | Entered Level 5 of the Dungeon
  5183 | D:5      | Reached XP level 8. HP: 54/63 MP: 8/8
  5299 | D:5      | Reached skill level 1 in Dodging
  5321 | D:5      | Found a blossoming altar of Fedhas.
  5332 | D:5      | Found a staircase to the Ecumenical Temple.
  5355 | Temple   | Entered the Ecumenical Temple
  5405 | Temple   | Became a worshipper of Uskayaw the Reveler
  5456 | D:5      | Reached * piety under Uskayaw
  5463 | D:5      | Reached ** piety under Uskayaw
  5464 | D:5      | Reached skill level 5 in Axes
  5827 | D:5      | Reached skill level 7 in Shields
  6058 | D:6      | Noticed Pikel
  6069 | D:6      | Reached *** piety under Uskayaw
  6079 | D:6      | Killed Pikel
  6079 | D:6      | Reached skill level 8 in Shields
  6079 | D:6      | Reached XP level 9. HP: 30/68 MP: 9/9
  6585 | D:6      | Got a smoking falchion
  6598 | D:6      | Identified the +4 falchion of floatRand's Anguish {flame,
                  | rPois rF- rC+ rN+} (You found it on level 6 of the Dungeon)
  6835 | D:6      | Reached skill level 9 in Shields
  7227 | D:7      | Noticed Joseph
  7250 | D:7      | Killed Joseph
  7250 | D:7      | Reached skill level 5 in Dodging
  7250 | D:7      | Reached XP level 10. HP: 32/74 MP: 10/10
  7254 | D:7      | Found the cursed necklace of Bloodlust {*Rage +Rage MR++
                  | Int-3 Slay+6 *Curse}
  8073 | D:7      | Found Soilalis's Antique Weapon Shop.
  8637 | D:8      | Noticed Grum
  8658 | D:8      | Killed Grum
  8658 | D:8      | Reached skill level 10 in Shields
  9114 | D:8      | Noticed a two-headed ogre
  9131 | D:8      | Killed a two-headed ogre
  9309 | D:8      | Identified a scroll of acquirement
  9312 | D:8      | Got an ichor-stained fustibalus
  9394 | D:9      | Noticed a moth of wrath
  9397 | D:9      | Found a bloodstained altar of Trog.
  9464 | D:9      | Found a staircase to the Orcish Mines.
  9483 | D:9      | Reached **** piety under Uskayaw
  9502 | D:9      | Reached ***** piety under Uskayaw
  9670 | D:9      | Reached XP level 11. HP: 55/80 MP: 11/11
  9927 | D:9      | Reached skill level 11 in Shields
 10231 | D:10     | Entered Level 10 of the Dungeon
 10291 | D:10     | Noticed a two-headed ogre
 10302 | D:10     | Killed a two-headed ogre
 10578 | D:10     | Noticed Sonja
 10597 | D:10     | Killed Sonja
 11779 | D:10     | Reached skill level 10 in Axes
 11779 | D:10     | Reached skill level 12 in Shields
 11840 | D:10     | Found a staircase to the Lair.
 12384 | D:11     | Reached XP level 12. HP: 77/86 MP: 12/12
 12678 | D:11     | Noticed a five-headed hydra
 12684 | D:11     | Killed a five-headed hydra
 13311 | D:11     | Reached skill level 1 in Invocations
 14225 | D:12     | Noticed a seven-headed hydra
 14229 | D:12     | Killed a seven-headed hydra
 14370 | D:12     | Noticed Psyche
 14390 | D:12     | Killed Psyche
 14397 | D:12     | Reached skill level 5 in Invocations
 14404 | D:12     | Noticed a death knight
 14404 | D:12     | Noticed a skeletal warrior
 14470 | Lair:1   | Entered Level 1 of the Lair of Beasts
 14485 | Lair:1   | Demolished by a komodo dragon

Levels and vault maps discovered:
D:1:      lightli_arrival_lavapool, layout_rooms
D:2:      layout_loops_cross, uniq_jessica
D:3:      minmay_razor_zed, layout_rooms, portal_sewer_entry_a, uniq_terence
D:4:      layout_basic, kennysheep_mini, first_ration,
          hangedman_abyss_or_decor_jellyfish_corner
D:5:      layout_rooms, minmay_temple_entry_sparse_star, fedhas_altar_1
D:6:      layout_gridville, kennysheep_pointless_box, minmay_microvault,
          uniq_pikel
D:7:      layout_layer_cave, serial_shops, shop, uniq_joseph
D:8:      layout_basic, uniq_grum
D:9:      layout_gridville, david_orc_2, tgw_trog
D:10:     layout_loops_ring, due_lair_maze_entry_diamond, grunt_livestock,
          kennysheep_small_circle, uniq_sonja
D:11:     layout_stronghold
D:12:     layout_loops_ring, minmay_misc_feat_cross, uniq_psyche
Temple:   nicolae_temple_the_god_donut
Lair:1:   layout_small_grid, minivault_26

Skill      XL: |  1  2  3  4  5  6  7  8  9 10 11 12 |
---------------+-------------------------------------+-----
Shields        | 4 5 6 8 9 10 12 | 12.0
Fighting       | 4 5 |  5.5
Armour         | 4 5 |  5.5
Axes           | 3 4 6 7 9 10 11 | 11.5
Dodging        | 4 5 6 8 9 |  9.9
Invocations    | 5 |  5.1

Action                   |  1- 3 |  4- 6 |  7- 9 | 10-12 || total
-------------------------+-------+-------+-------+-------++-------
Melee: War axe           |   118 |    79 |       |       ||   197
       Hand axe          |       |   173 |   275 |   834 ||  1282
Invok: Stomp             |       |       |       |     1 ||     1
       Line Pass         |       |       |       |     1 ||     1
Evoke: Wand              |       |       |       |     4 ||     4
  Use: Scroll            |       |     2 |    16 |    12 ||    30
       Potion            |       |     3 |       |       ||     3
 Stab: Paralysed         |       |       |     3 |    33 ||    36
       Sleeping          |       |       |     2 |       ||     2
  Eat: Chunk             |       |     9 |    12 |    19 ||    40
       Ration            |       |       |       |     2 ||     2
Armor: Scale mail        |    20 |       |       |       ||    20
       Chain mail        |    41 |       |       |       ||    41
       Leather armour    |     1 |    68 |    60 |    79 ||   208
Dodge: Dodged            |    40 |    77 |    79 |   263 ||   459
Block: Shield            |    77 |   139 |   193 |   530 ||   939
       Reflection        |       |       |     8 |    19 ||    27

Table legend:
 A = Non-vault XP
 B = Vault XP
 C = Vault XP percentage of total XP
 D = Non-vault monster count
 E = Vault monster count
 F = Vault count percentage of total count
                 A         B        C        D         E       F
            +---------+---------+-------+---------+---------+-------
      Total |   17416 |    5707 |  24.7 |     271 |      97 |  26.4
            +---------+---------+-------+---------+---------+-------
        D:1 |      40 |       0 |   0.0 |      23 |       0 |   0.0
        D:2 |     103 |      37 |  26.4 |      28 |       1 |   3.4
        D:3 |      49 |     110 |  69.2 |      14 |      17 |  54.8
        D:4 |     439 |       0 |   0.0 |      21 |       0 |   0.0
        D:5 |     874 |       0 |   0.0 |      21 |       0 |   0.0
        D:6 |     985 |     750 |  43.2 |      21 |       2 |   8.7
        D:7 |     319 |     460 |  59.1 |      11 |       1 |   8.3
        D:8 |    1609 |     411 |  20.3 |      16 |       3 |  15.8
        D:9 |    1925 |     286 |  12.9 |      35 |      12 |  25.5
       D:10 |    2866 |    3038 |  51.5 |      34 |      20 |  37.0
       D:11 |    6369 |       0 |   0.0 |      37 |       0 |   0.0
       D:12 |    1838 |     395 |  17.7 |      10 |       1 |   9.1
      Sewer |       0 |     220 | 100.0 |       0 |      40 | 100.0
            +---------+---------+-------+---------+---------+-------
